 Dungeon Crawl Stone Soup version 0.24.1 (webtiles) character file.

Game seed: 15880581934460515029, levelgen mode: deterministic

1925 Destapler the Changer (level 8, 0/90 HPs)
             Began as a Demonspawn Transmuter on Mar 29, 2020.
             Was an Initiate of Ru.
             Slain by a killer bee (5 damage)
             ... on level 7 of the Dungeon.
             The game lasted 00:43:01 (8598 turns).

Destapler the Changer (Demonspawn Transmuter)       Turns: 8598, Time: 00:43:01

Health: 0/90       AC: 24    Str: 11    XL:     8   Next: 96%
Magic:  12/12      EV:  2    Int: 15    God:    Ru [......]
Gold:   237        SH:  0    Dex: 13    Spells: 5/13 levels left

rFire    + . .     SeeInvis +   a - +2 whip (elec)
rCold    . . .     Gourm    +   (no shield)
rNeg     + + +     Faith    .   (armour currently unavailable)
rPois    +         Spirit   .   (helmet currently unavailable)
rElec    .         Reflect  .   (cloak currently unavailable)
rCorr    .         Harm     .   (gloves currently unavailable)
MR       .....     Clarity  +   (boots currently unavailable) Stlth +.........NoTele +
                                p - amulet of the gourmand
HPRegen  1.25/turn              b - ring of see invisible
MPRegen  0.13/turn              v - ring of protection from fire

@: lethally poisoned (0 -> 0), tree-form
A: clarity, dopey 1, powered by death 1, powered by pain 1
a: Renounce Religion


You were on level 7 of the Dungeon.
You worshipped Ru.
Ru was noncommittal.
You were very full.
You were a tree.
You visited 2 branches of the dungeon, and saw 8 of its levels.
You also visited: Sewer.

You collected 477 gold pieces.
You spent 240 gold pieces at shops.

Inventory:

Hand Weapons
 a - a +2 whip of electrocution (weapon)
 D - the +2 great sword "Wiapsa" {slice, rN++ MR+ Int-5, unknown}
   (You found it on level 6 of the Dungeon)

   It inflicts extra damage upon your enemies.
   It affects your intelligence (-5).
   It greatly protects you from negative energy.
   It affects your resistance to hostile enchantments.
Missiles
 k - a throwing net
 l - 3 atropa-tipped darts
 A - a boomerang (quivered)
 B - 30 stones
 G - 14 poisoned darts
 H - 20 arrows
Armour
 n - a +0 cloak (melded)
 y - a +2 robe of resistance (melded)
 I - a +0 pair of boots of stealth (melded)
Jewellery
 b - a ring of see invisible (left branch)
 p - an amulet of the gourmand (around neck)
 v - a ring of protection from fire (right branch)
 x - a +3 ring of dexterity
Wands
 m - a wand of polymorph (5)
 q - a wand of flame (56)
Scrolls
 c - 4 scrolls of teleportation
 f - 4 scrolls of identify
 g - a scroll of fog
 j - a scroll of enchant weapon
 s - a scroll of remove curse
 t - a scroll of holy word {unknown}
 C - a scroll of magic mapping
 E - a scroll of enchant armour {unknown}
Potions
 e - 2 potions of cancellation
 h - a potion of resistance
 o - a potion of mutation
 r - a potion of brilliance {unknown}
 w - a potion of flight {unknown}
 z - a potion of haste
Comestibles
 d - 16 rations


   Skills:
 - Level 4.0 Fighting
 + Level 3.8 Maces & Flails
 - Level 3.0 Dodging
 - Level 4.7 Unarmed Combat
 + Level 3.2 Spellcasting
 + Level 5.5 Transmutations
 + Level 3.7 Ice Magic
 - Level 3.2 Poison Magic


You had 5 spell levels left.
You knew the following spells:

 Your Spells              Type           Power        Failure   Level  Hunger
a - Beastly Appendage     Tmut           ###...       1%          1    #......
b - Ice Form              Ice/Tmut       ###.....     28%         4    #####..
S - Spider Form           Tmut/Pois      ###.......   10%         3    ###....

Your spell library contained the following spells:

 Spells                   Type           Power        Failure   Level  Hunger
 Sticks to Snakes         Tmut           ###.....     3%          2    ##.....
 Flame Tongue             Conj/Fire      #....        21%         1    #......
 Summon Small Mammal      Summ           #...         21%         1    #......
 Call Imp                 Summ           #.......     30%         2    ##.....
 Throw Flame              Conj/Fire      #.....       30%         2    ##.....
 Blade Hands              Tmut           ###.......   50%         5    ######.
 Call Canine Familiar     Summ           #.......     52%         3    ###....
 Conjure Flame            Conj/Fire      #.......     52%         3    ###....
 Inner Flame              Hex/Fire       #.......     52%         3    ###....
 Summon Guardian Golem    Hex/Summ       #.......     52%         3    ###....
 Summon Ice Beast         Ice/Summ       #.......     65%         4    #####..
 Sticky Flame             Conj/Fire      #.......     89%         4    #####..
 Summon Lightning Spire   Summ/Air       #.......     89%         4    #####..
 Fireball                 Conj/Fire      #.........   99%         5    ######.


Dungeon Overview and Level Annotations

Branches:
Dungeon (7/15)             Temple (1/1) D:7           Sewer (visited)

Altars:
Ashenzari
Dithmenos
Elyvilon
Gozag
Hepliaklqana
Kikubaaqudgha
Nemelex Xobeh
Okawaru
Ru
Sif Muna
Trog
Uskayaw
Vehumet
Wu Jian
Xom
Yredelemnul
Zin
The Shining One

Shops:
D:7 [


Innate Abilities, Weirdness & Mutations

((You have a pair of small antennae on your head.))
You regenerate a little health from kills.
You sometimes gain a little power by taking damage.
You possess an exceptional clarity of mind.
You are dopey. (Int -2)


Message History

* * * LOW HITPOINT WARNING * * *
You hit the killer bee.
The killer bee is almost dead.
You feel sick. The killer bee stings you.
* * * LOW HITPOINT WARNING * * *
You are more poisoned.
The killer bee poisons you! The killer bee misses you.
It was a potion of magic.
Magic courses through your body.
You feel sick.
The killer bee stings you but does no damage.
The killer bee barely misses you.
Okay, then.
It was a potion of lignification.
You turn into a tree.
Your +0 cloak melds into your body.
Your +0 pair of boots of stealth melds into your body.
Your +2 robe of resistance melds into your body.
You feel less stealthy.
You feel hot and cold all over.
Your roots penetrate the ground.
You feel sick.
The killer bee stings you but does no damage.
The killer bee stings you.
You die...

##.....#.# ######......#
#........# ########
##........# #.........#
#.........# ..........#
.........y# ........#y#
...)....#♣# ........#.#
### ..>....##.####.##
.!..... #.##....##
......###........###
.....###...........###
### #..............###.#
###.#....##...##.##..#
####........##...##.##..#


You could see 2 killer bees.

Vanquished Creatures
  Sigmund (D:5)
  Edmund (D:5)
  A water moccasin (D:5)
  2 ice beasts
  An ogre (D:5)
  3 bullfrogs
  Blork the orc (D:5)
  4 killer bees (D:7)
  2 bullfrog zombies
  A centaur zombie (D:5)
  A jelly (D:5)
  2 orc wizards
  Crazy Yiuf (D:2)
  A hound (D:7)
  2 orc priests (D:4)
  Jessica (D:3)
  A bullfrog skeleton (D:4)
  An iguana (D:2)
  Ijyb (D:5)
  Natasha (thrice) (D:2)
  3 worker ants
  4 gnolls (D:5)
  10 adders
  A shadow imp (D:5)
  An ooze (D:2)
  An adder zombie (D:5)
  2 adder skeletons
  A worm (D:2)
  9 dart slugs
  12 leopard geckos
  20 orcs
  4 ball pythons
  9 bats
  11 giant cockroaches
  5 goblins
  5 hobgoblins
  4 jackals (D:6)
  A quokka (D:7)
  8 frilled lizards
  5 kobolds
  A quokka skeleton (D:4)
  6 rats
154 creatures vanquished.

Notes
Turn   | Place    | Note
-------+----------+-------------------------------------------
     0 | D:1      | Destapler the Demonspawn Transmuter began the quest for the
                  | Orb.
     0 | D:1      | Reached XP level 1. HP: 15/15 MP: 3/3
   243 | D:1      | Gained mutation: You have a pair of small antennae on your
                  | head. [demonic ancestry]
   243 | D:1      | Reached XP level 2. HP: 16/21 MP: 5/5
   365 | D:1      | Reached skill level 2 in Transmutations
   772 | D:2      | Gained mutation: You sometimes gain a little power by
                  | taking damage. [demonic ancestry]
   772 | D:2      | Reached XP level 3. HP: 24/26 MP: 4/6
   779 | D:2      | Learned a level 3 spell: Spider Form
   919 | D:2      | HP: 1/26 [kobold (4)]
   956 | D:2      | HP: 1/26 [poisoned by an adder]
  1380 | D:2      | Reached XP level 4. HP: 16/32 MP: 3/7
  1540 | D:2      | Reached skill level 3 in Transmutations
  1586 | D:2      | Found a runed translucent door.
  1588 | D:2      | Noticed Crazy Yiuf
  1599 | D:2      | Killed Crazy Yiuf
  1866 | D:2      | Noticed Natasha
  1874 | D:2      | Killed Natasha
  1874 | D:2      | Reached XP level 5. HP: 37/37 MP: 1/8
  2144 | D:2      | Noticed Natasha
  2149 | D:2      | Killed Natasha
  2149 | D:2      | Reached skill level 4 in Transmutations
  2236 | D:2      | Noticed Natasha
  2246 | D:2      | Killed Natasha
  2843 | D:3      | Noticed Jessica
  2853 | D:3      | Killed Jessica
  3135 | D:3      | Reached XP level 6. HP: 20/43 MP: 6/9
  3505 | D:3      | Reached skill level 1 in Poison Magic
  4083 | D:4      | Learned a level 4 spell: Ice Form
  4255 | D:4      | Reached skill level 1 in Maces & Flails
  4428 | D:4      | Found a sparkling altar of Nemelex Xobeh.
  4603 | D:5      | Entered Level 5 of the Dungeon
  4796 | D:5      | Found a glowing drain.
  4837 | Sewer    | Entered a sewer
  5055 | Sewer    | Reached skill level 1 in Ice Magic
  5055 | Sewer    | Reached XP level 7. HP: 28/50 MP: 10/10
  5137 | Sewer    | Gained mutation: You are dopey. (Int -2) [potion of
                  | mutation]
  5137 | Sewer    | Gained mutation: You possess an exceptional clarity of
                  | mind. [potion of mutation]
  5485 | Sewer    | HP: 1/51 [bullfrog (8)]
  6127 | D:5      | Noticed Blork the orc
  6323 | D:5      | Killed Blork the orc
  6345 | D:5      | Gained mutation: You regenerate a little health from kills.
                  | [demonic ancestry]
  6345 | D:5      | Reached XP level 8. HP: 32/58 MP: 11/11
  6529 | D:5      | Noticed Sigmund
  6532 | D:5      | Killed Sigmund
  6532 | D:5      | Reached skill level 5 in Transmutations
  6569 | D:5      | Noticed Edmund
  6594 | D:5      | Killed Edmund
  6854 | D:5      | Noticed Ijyb
  6862 | D:5      | Killed Ijyb
  7109 | D:5      | Found a glowing silver altar of Zin.
  7122 | D:5      | Found a shattered altar of Ashenzari.
  7125 | D:5      | Found a shimmering blue altar of Sif Muna.
  7133 | D:5      | Found a shadowy altar of Dithmenos.
  7330 | D:6      | Found a shadowy altar of Dithmenos.
  7478 | D:6      | Got a slimy great sword
  7550 | D:6      | Found a shimmering altar of Xom.
  7553 | D:6      | Found a shimmering altar of Xom.
  7554 | D:6      | Found a shimmering altar of Xom.
  7557 | D:6      | Found a shimmering altar of Xom.
  7557 | D:6      | Found a shimmering altar of Xom.
  7557 | D:6      | Found a shimmering altar of Xom.
  7575 | D:6      | Found an ancient bone altar of Kikubaaqudgha.
  7952 | D:7      | Found a hazy altar of Hepliaklqana.
  7955 | D:7      | Found an opulent altar of Gozag.
  7958 | D:7      | Found a glowing golden altar of the Shining One.
  8026 | D:7      | Found Orodal's Antique Armour Boutique.
  8031 | D:7      | Found a staircase to the Ecumenical Temple.
  8041 | Temple   | Entered the Ecumenical Temple
  8307 | Temple   | Became a worshipper of Ru the Awakened
  8373 | D:7      | Bought a pair of embroidered boots for 240 gold pieces
  8596 | D:7      | HP: 3/60 [killer bee (4)]
  8598 | D:7      | Slain by a killer bee

Levels and vault maps discovered:
D:1:      kennysheep_arrival_seaside, layout_loops_cross, feat_on_display
D:2:      minmay_chambers_of_twos, layout_basic, uniq_crazy_yiuf_cottage,
          uniq_natasha
D:3:      kennysheep_slugbush, layout_basic, first_ration, uniq_jessica
D:4:      layout_rooms, moated_statue, nemelex_lonely_heart_becter
D:5:      layout_basic, grunt_temple_overflow_cloverleaf, portal_sewer_entry_f,
          uniq_sigmund, uniq_edmund, uniq_blork_the_orc, uniq_ijyb
D:6:      layout_rooms, kiku_gazebo_garden_becter, xom_redecorated, basic_altar
D:7:      layout_cave_pods, kennysheep_mini_moat, grunt_temple_overflow_diamond,
          minmay_temple_entry_stoned_glass, serial_shops,
          nicolae_shop_window_shopping
Temple:   jpeg_temple_island

Skill      XL: |  1  2  3  4  5  6  7  8 |
---------------+-------------------------+-----
Dodging        | 2 3 |  3.0
Transmutations | 2 3 4 5 |  5.5
Unarmed Combat | 3 4 |  4.7
Poison Magic   | 2 3 |  3.2
Fighting       | 2 3 4 |  4.0
Maces & Flails | 1 2 3 |  3.8
Ice Magic      | 1 2 3 |  3.7
Spellcasting   | 3 |  3.2

Action                   |  1- 3 |  4- 6 |  7- 9 || total
-------------------------+-------+-------+-------++-------
Melee: Unarmed           |    96 |   106 |    40 ||   242
       Kick              |     5 |     1 |     1 ||     7
       Quarterstaff      |       |    13 |       ||    13
       Whip              |       |   112 |   188 ||   300
       Punch             |       |     2 |     5 ||     7
Throw: Boomerang         |       |     8 |     6 ||    14
 Cast: Beastly Appendage |     3 |     3 |     2 ||     8
       Spider Form       |     3 |    11 |     5 ||    19
       Ice Form          |       |       |     1 ||     1
 Abil: End Transformatio |       |       |     3 ||     3
Evoke: Wand              |       |       |     4 ||     4
  Use: Potion            |     2 |       |    12 ||    14
       Scroll            |       |     5 |     3 ||     8
 Stab: Sleeping          |       |     2 |     3 ||     5
  Eat: Chunk             |     2 |    20 |    11 ||    33
       Ration            |       |     1 |       ||     1
Armor: Robe              |     9 |    37 |    46 ||    92
       Skin              |     2 |     7 |     6 ||    15
Dodge: Dodged            |    70 |   171 |   230 ||   471
